[Event "ICC tourney 2163 (75 10)"]
[Site "Internet Chess Club"]
[Date "2020.11.28"]
[Round "6"]
[White "BlueJay01"]
[Black "Chessking2008"]
[Result "0-1"]
[ICCResult "White resigns"]
[WhiteElo "2094"]
[BlackElo "2191"]
[Opening "English opening"]
[ECO "A20"]
[NIC "EO.24"]
[Time "18:32:34"]
[PlyCount "92"]
[TimeControl "4500+10"]


1. c4 e5 2. g3 Nf6 3. Bg2 d5 4. cxd5 Nxd5 5. Nf3 Nc6 6. O-O Nb6 7. Nc3 Be7
8. d3 Be6 9. Be3 Qd7 10. Ne4 f6 11. Nc5 Bxc5 12. Bxc5 Nd5 13. Qd2 a5 14.
Rfd1 Bh3 15. Ne1 Bxg2 16. Nxg2 O-O-O 17. f3 b6 18. Bf2 Kb7 19. a3 Nd4 20.
Bxd4 exd4 21. e4 dxe3 22. Nxe3 Nxe3 23. Qxe3 Rhe8 24. Qf2 Qb5 25. Rd2 Rxd3
26. Rad1 Rde3 27. f4 Qh5 28. Qg2+ R8e4 29. Rf1 Ka7 30. Rc1 Re1+ 31. Rxe1
Rxe1+ 32. Kf2 Rc1 33. b4 Ra1 34. Rc2 Kb8 35. Rd2 Qe8 36. Re2 Qxe2+ 37. Kxe2
Ra2+ 38. Kf3 Rxg2 39. Kxg2 axb4 40. axb4 c5 41. bxc5 bxc5 42. Kf3 Kc7 43.
Ke4 Kd6 44. Ke3 Kd5 45. Kd3 c4+ 46. Kc3 f5 { White resigns } 0-1

[Event "ICC tourney 2163 (75 10)"]
[Site "Internet Chess Club"]
[Date "2020.11.28"]
[Round "6"]
[White "PawnEatingZombi"]
[Black "NightMovesTN"]
[Result "0-1"]
[ICCResult "White resigns"]
[WhiteElo "2219"]
[BlackElo "2394"]
[Opening "Nimzo-Indian: classical variation"]
[ECO "E32"]
[NIC "NI.24"]
[Time "18:32:54"]
[PlyCount "106"]
[TimeControl "4500+10"]


1. d4 Nf6 2. c4 e6 3. Nc3 Bb4 4. Qc2 O-O 5. e4 d6 6. Bd3 e5 7. a3 Ba5 8.
dxe5 Bxc3+ 9. Qxc3 dxe5 10. Nf3 Nc6 11. h3 Nh5 12. O-O Qf6 13. Bg5 Qg6 14.
Kh2 Nd4 15. Nxd4 Qxg5 16. Nf5 Bxf5 17. exf5 e4 18. Bc2 Qxf5 19. Rae1 Rfe8
20. Kh1 Nf6 21. f3 Qe5 22. Qxe5 Rxe5 23. Bxe4 Rae8 24. Rd1 Nxe4 25. fxe4
Rxe4 26. Rd7 R4e7 27. Rfd1 f6 28. Kg1 Kf7 29. Kf2 a5 30. a4 b6 31. b3 Rxd7
32. Rxd7+ Re7 33. Rd8 Ke6 34. Ke3 Rd7 35. Rg8 h5 36. h4 Kf5 37. c5 Kg4 38.
cxb6 cxb6 39. Rb8 Rd6 40. Rg8 g5 41. hxg5 fxg5 42. Ke4 h4 43. Ke3 Re6+ 44.
Kf2 Rc6 45. Rb8 Rf6+ 46. Kg1 Kg3 47. Rd8 g4 48. Rd3+ Kf4 49. Rd4+ Kg5 50.
Kh2 Rf2 51. Rd5+ Kf4 52. Rd4+ Kf5 53. Kg1 Rb2 { White resigns } 0-1

[Event "ICC tourney 2163 (75 10)"]
[Site "Internet Chess Club"]
[Date "2020.11.28"]
[Round "6"]
[White "dopolian"]
[Black "pandaexpress"]
[Result "0-1"]
[ICCResult "White resigns"]
[WhiteElo "2269"]
[BlackElo "2420"]
[Opening "Sicilian"]
[ECO "B56"]
[NIC "SI.25"]
[Time "18:32:26"]
[PlyCount "113"]
[TimeControl "4500+10"]


1. e4 c5 2. Nf3 d6 3. d4 Nf6 4. Nc3 cxd4 5. Nxd4 Nc6 6. Be3 Ng4 7. Bb5 Nxe3
8. fxe3 Bd7 9. O-O e6 10. Bxc6 bxc6 11. e5 Be7 12. exd6 Bxd6 13. Qh5 O-O
14. Ne4 Be7 15. Rad1 Qc7 16. Nb3 c5 17. Nexc5 Bc6 18. Nd3 Rad8 19. Qa5 Qb8
20. Nd4 Bb7 21. c4 Be4 22. b3 Qa8 23. Rf2 Bxd3 24. Rxd3 Qe4 25. Rdd2 Qxe3
26. Nc2 Qc5 27. Qc3 Bf6 28. Qe3 Qxe3 29. Nxe3 Bd4 30. Rd3 e5 31. b4 e4 32.
Ra3 f5 33. g3 g5 34. Kf1 f4 35. gxf4 gxf4 36. Rg2+ Kh8 37. Nd5 e3 38. Rg4
Rxd5 39. cxd5 f3 40. Re4 e2+ 41. Rxe2 fxe2+ 42. Kxe2 Rf2+ 43. Ke1 Rf5 44.
Ra5 Kg7 45. Rb5 Kf6 46. Rb7 h5 47. d6 Ke6 48. d7 Rd5 49. a4 Rxd7 50. Rb8
Be5 51. Rb5 h4 52. h3 Rd3 53. Rb7 Bd4 54. b5 Ra3 55. Rh7 Rxa4 56. Ke2 Bb6
57. Rh5 { White resigns } 0-1

[Event "ICC tourney 2163 (75 10)"]
[Site "Internet Chess Club"]
[Date "2020.11.28"]
[Round "6"]
[White "josuevm"]
[Black "Gfprasanna"]
[Result "0-1"]
[ICCResult "White resigns"]
[WhiteElo "2272"]
[BlackElo "2135"]
[Opening "Evans gambit"]
[ECO "C52"]
[NIC "IG.05"]
[Time "18:32:31"]
[PlyCount "116"]
[TimeControl "4500+10"]


1. e4 e5 2. Nf3 Nc6 3. Bc4 Bc5 4. b4 Bxb4 5. c3 Ba5 6. d4 exd4 7. Qb3 Qe7
8. O-O Nf6 9. e5 Nxe5 10. Nxe5 Qxe5 11. Bxf7+ Kf8 12. cxd4 Qe7 13. Bc4 d6
14. Nc3 Bb6 15. Bb2 Bf5 16. a4 c6 17. a5 Bxd4 18. Rad1 Be5 19. f4 Bxc3 20.
Qxc3 Ne4 21. Qc1 b5 22. Bd3 Rc8 23. Rfe1 d5 24. Be5 Kf7 25. Qa1 Rhe8 26.
Re3 Kg8 27. Bxe4 Bxe4 28. Rg3 g6 29. Qa2 Qf7 30. h4 h5 31. Re1 Bf5 32. Qb2
a6 33. Qf2 c5 34. Ba1 Rxe1+ 35. Qxe1 d4 36. Qe5 Re8 37. Qxc5 Re1+ 38. Kh2
Rxa1 39. Qxd4 Re1 40. Rc3 Qe7 41. Kg3 Re4 42. Qb6 Rc4 43. Re3 Qc7 44. Re8+
Kf7 45. Qe3 Rc3 46. Re7+ Qxe7 47. Qxc3 Qe6 48. Qd4 Qd7 49. Qb6 Qc8 50. Kh2
Be6 51. Qd6 Qc4 52. Qxa6 Qxf4+ 53. Kg1 Qd4+ 54. Kh2 Qxh4+ 55. Kg1 Qd4+ 56.
Kh2 Qe5+ 57. Kg1 Qc5+ 58. Kh2 Bd5 { White resigns } 0-1

[Event "ICC tourney 2163 (75 10)"]
[Site "Internet Chess Club"]
[Date "2020.11.28"]
[Round "6"]
[White "Gukesh"]
[Black "Kalmyk"]
[Result "1/2-1/2"]
[ICCResult "White stalemated"]
[WhiteElo "2613"]
[BlackElo "2763"]
[Opening "English opening: Agincourt variation"]
[ECO "A13"]
[NIC "EO.64"]
[Time "18:32:29"]
[PlyCount "154"]
[TimeControl "4500+10"]


1. c4 e6 2. Nf3 d5 3. e3 Nf6 4. Nc3 c6 5. b3 Bd6 6. Bb2 O-O 7. Be2 e5 8.
cxd5 cxd5 9. Nb5 Re8 10. Nxd6 Qxd6 11. d4 e4 12. Ne5 Nfd7 13. O-O Nc6 14.
Nxc6 bxc6 15. Bg4 Nf8 16. Rc1 Bxg4 17. Qxg4 a5 18. Qg3 Qxg3 19. hxg3 Ra6
20. Rc3 a4 21. bxa4 Rxa4 22. Ra1 Rea8 23. a3 Rb8 24. Bc1 Rb6 25. Ra2 Nd7
26. Rac2 Raa6 27. g4 Kf8 28. f3 h6 29. Bd2 Ke7 30. Kh2 Rb1 31. Rc1 Rxc1 32.
Rxc1 Ke6 33. Bb4 exf3 34. gxf3 f5 35. gxf5+ Kxf5 36. Kg3 h5 37. Rh1 Nf6 38.
Be7 g5 39. Bxf6 h4+ 40. Kf2 Kxf6 41. f4 Rxa3 42. Kf3 Ra8 43. Kg4 gxf4 44.
Kxf4 Re8 45. Rxh4 Re4+ 46. Kg3 Rxe3+ 47. Kf2 Re6 48. Rh6+ Ke7 49. Rxe6+
Kxe6 50. Ke2 Kd6 51. Kd2 Kd7 52. Kd3 Kd8 53. Kd2 Ke7 54. Ke3 Kd6 55. Kd2
Ke6 56. Ke2 Kf7 57. Kf3 Kg6 58. Kg4 Kf6 59. Kf4 Ke6 60. Ke3 Ke7 61. Ke2 Ke6
62. Ke3 Ke7 63. Ke2 Kd8 64. Kd2 Kc8 65. Kc2 Kd7 66. Kd3 Kc7 67. Kc3 Kd6 68.
Kd2 c5 69. dxc5+ Kxc5 70. Kc3 d4+ 71. Kd3 Kd5 72. Kd2 Kc4 73. Kc2 d3+ 74.
Kd2 Kd4 75. Kd1 Kc3 76. Kc1 d2+ 77. Kd1 Kd3 { White stalemated } 1/2-1/2

[Event "ICC tourney 2163 (75 10)"]
[Site "Internet Chess Club"]
[Date "2020.11.29"]
[Round "7"]
[White "manest"]
[Black "NyzhnykIllia"]
[Result "1/2-1/2"]
[ICCResult "Game drawn by mutual agreement"]
[WhiteElo "2718"]
[BlackElo "2729"]
[Opening "QGD Slav: 4.e3 Bf5"]
[ECO "D12"]
[NIC "QP.11"]
[Time "11:02:21"]
[PlyCount "42"]
[TimeControl "4500+10"]


1. Nf3 Nf6 2. c4 c6 3. d4 d5 4. e3 Bf5 5. Nc3 e6 6. Nh4 Be4 7. f3 Bg6 8.
Qb3 Qc7 9. Bd2 Be7 10. g3 Bh5 11. Be2 a6 12. Rc1 dxc4 13. Qxc4 Nbd7 14. b4
Nb6 15. Qb3 Nfd5 16. Nxd5 exd5 17. Ng2 Bd6 18. Nf4 Bxf4 19. exf4 f6 20.
Qe3+ Qe7 21. Qxe7+ Kxe7 { Game drawn by mutual agreement } 1/2-1/2

[Event "ICC tourney 2163 (75 10)"]
[Site "Internet Chess Club"]
[Date "2020.11.29"]
[Round "7"]
[White "ShadowApt"]
[Black "RajeshCS"]
[Result "0-1"]
[ICCResult "White resigns"]
[WhiteElo "2110"]
[BlackElo "2310"]
[Opening "Sicilian: closed, 2...Nc6"]
[ECO "B23"]
[NIC "SI.44"]
[Time "11:02:19"]
[PlyCount "45"]
[TimeControl "4500+10"]


1. e4 c5 2. Nc3 Nc6 3. Bb5 Nd4 4. Nf3 g6 5. O-O Bg7 6. Nxd4 cxd4 7. Ne2 Nf6
8. e5 Nd5 9. Nxd4 Qb6 10. c3 Bxe5 11. Bc4 Bxh2+ 12. Kh1 Bb8 13. Bxd5 Qd6
14. Bxf7+ Kxf7 15. g3 e5 16. Nf3 Kg7 17. d4 e4 18. Ne5 Qe6 19. Bf4 d6 20.
Re1 dxe5 21. Rxe4 Qh3+ 22. Kg1 exf4 23. Rxf4 { White resigns } 0-1

[Event "ICC tourney 2163 (75 10)"]
[Site "Internet Chess Club"]
[Date "2020.11.29"]
[Round "7"]
[White "SkyAngel"]
[Black "shianen"]
[Result "1/2-1/2"]
[ICCResult "Game drawn by mutual agreement"]
[WhiteElo "2189"]
[BlackElo "2197"]
[Opening "French: Rubinstein variation"]
[ECO "C10"]
[NIC "FR.07"]
[Time "11:02:19"]
[PlyCount "50"]
[TimeControl "4500+10"]


1. e4 e6 2. d4 d5 3. Nc3 dxe4 4. Nxe4 Nd7 5. Nf3 Ngf6 6. Nxf6+ Nxf6 7. Bd3
c5 8. Be3 Qc7 9. O-O Bd6 10. dxc5 Bxc5 11. Bb5+ Bd7 12. Bxd7+ Nxd7 13. Bxc5
Qxc5 14. Qd3 Nf6 15. Rad1 O-O 16. c3 Rac8 17. Rfe1 Qb6 18. Qe2 Rfd8 19. h3
h6 20. Ne5 Rxd1 21. Rxd1 Rd8 22. Nc4 Qc7 23. Rxd8+ Qxd8 24. Qd2 Qxd2 25.
Nxd2 Kf8 { Game drawn by mutual agreement } 1/2-1/2

[Event "ICC tourney 2163 (75 10)"]
[Site "Internet Chess Club"]
[Date "2020.11.29"]
[Round "7"]
[White "Aleksandrov73"]
[Black "Gukesh"]
[Result "1/2-1/2"]
[ICCResult "Game drawn by mutual agreement"]
[WhiteElo "2634"]
[BlackElo "2613"]
[Opening "QGD: 4.Nf3"]
[ECO "D37"]
[NIC "QP.08"]
[Time "11:02:25"]
[PlyCount "49"]
[TimeControl "4500+10"]


1. d4 d5 2. Nf3 Nf6 3. c4 e6 4. Nc3 Be7 5. g3 O-O 6. Bg2 dxc4 7. Ne5 c5 8.
dxc5 Qxd1+ 9. Nxd1 Bxc5 10. O-O Nc6 11. Nxc6 bxc6 12. Be3 Bxe3 13. Nxe3 Ba6
14. Rfc1 Rab8 15. Rab1 c3 16. Rxc3 Bxe2 17. Rxc6 Rfd8 18. b4 a5 19. a3 Nd5
20. Nxd5 exd5 21. Rb2 Bc4 22. Rc5 axb4 23. Rxb4 Rxb4 24. axb4 Kf8 25. Bf1 {
Game drawn by mutual agreement } 1/2-1/2

[Event "ICC tourney 2163 (75 10)"]
[Site "Internet Chess Club"]
[Date "2020.11.29"]
[Round "7"]
[White "Blue-Elephant1"]
[Black "MiamiBoy"]
[Result "0-1"]
[ICCResult "White resigns"]
[WhiteElo "2113"]
[BlackElo "2251"]
[Opening "Nimzo-Indian: Kmoch variation"]
[ECO "E20"]
[NIC "NI.30"]
[Time "11:02:23"]
[PlyCount "70"]
[TimeControl "4500+10"]


1. d4 Nf6 2. c4 e6 3. Nc3 Bb4 4. f3 O-O 5. a3 Bxc3+ 6. bxc3 d5 7. cxd5 exd5
8. e3 c5 9. Bd3 b6 10. Ne2 Re8 11. O-O Nc6 12. Ra2 h6 13. Ng3 Qd6 14. Nf5
Bxf5 15. Bxf5 b5 16. Re2 a5 17. Bb2 a4 18. e4 dxe4 19. fxe4 Rad8 20. Re3
cxd4 21. Rd3 Nxe4 22. cxd4 g6 23. Bxe4 Rxe4 24. d5 Ne5 25. Rdf3 Nxf3+ 26.
Qxf3 Qc5+ 27. Kh1 f5 28. Qg3 Kf7 29. Qh3 h5 30. Rxf5+ Ke8 31. Rf1 Qe3 32.
g3 Qd2 33. Bf6 Rd7 34. d6 Qd5 35. Qg2 Rxd6 { White resigns } 0-1

[Event "ICC tourney 2163 (75 10)"]
[Site "Internet Chess Club"]
[Date "2020.11.29"]
[Round "7"]
[White "lmperatorX"]
[Black "nithin"]
[Result "0-1"]
[ICCResult "White resigns"]
[WhiteElo "2113"]
[BlackElo "2250"]
[Opening "Sicilian: Najdorf, Zagreb (fianchetto) variation"]
[ECO "B91"]
[NIC "SI.14"]
[Time "11:02:21"]
[PlyCount "70"]
[TimeControl "4500+10"]


1. e4 c5 2. Nf3 d6 3. d4 cxd4 4. Nxd4 Nf6 5. Nc3 a6 6. g3 e5 7. Nde2 Be7 8.
Bg2 O-O 9. O-O b5 10. h3 Nbd7 11. g4 b4 12. Nd5 Nxd5 13. exd5 Nc5 14. b3 f5
15. Ng3 fxg4 16. hxg4 Bg5 17. Bb2 Bf4 18. Nh5 Qg5 19. Nxf4 Qxf4 20. f3 Bb7
21. Qc1 Nd7 22. Qxf4 Rxf4 23. a3 Nb6 24. Bc1 Rf7 25. axb4 Nxd5 26. Bd2 Nf4
27. Bxf4 Rxf4 28. Rad1 d5 29. c3 Rc8 30. Rc1 e4 31. fxe4 Rxg4 32. Kh2 Rc6
33. exd5 Rh6+ 34. Bh3 Rgh4 35. Rf3 Bc8 { White resigns } 0-1

[Event "ICC tourney 2163 (75 10)"]
[Site "Internet Chess Club"]
[Date "2020.11.29"]
[Round "7"]
[White "Sergeiaza"]
[Black "phoenix10q72"]
[Result "1-0"]
[ICCResult "Black resigns"]
[WhiteElo "2679"]
[BlackElo "2264"]
[Opening "Sicilian: Najdorf, 6.Bg5"]
[ECO "B94"]
[NIC "SI.04"]
[Time "11:02:25"]
[PlyCount "81"]
[TimeControl "4500+10"]


1. e4 c5 2. Nf3 d6 3. d4 cxd4 4. Nxd4 Nf6 5. Nc3 a6 6. Bg5 Nbd7 7. f4 Qc7
8. Be2 e6 9. O-O Be7 10. Kh1 h6 11. Bh4 b5 12. Bf3 Rb8 13. a3 Bb7 14. Qe2
g5 15. Bf2 gxf4 16. Qd2 Nf8 17. Nde2 e5 18. g3 fxg3 19. Nxg3 Ne6 20. Rae1
Ng5 21. Bg2 Bc8 22. Be3 Be6 23. Nd5 Bxd5 24. exd5 Ng4 25. Bg1 h5 26. Nf5 h4
27. h3 Nh6 28. Ng7+ Kd7 29. Be3 f6 30. Ne6 Qb7 31. Bxg5 fxg5 32. Nc5+ dxc5
33. d6 Qb6 34. dxe7+ Qd6 35. Qxg5 Rbg8 36. e8=Q+ Kxe8 37. Qh5+ Qg6 38.
Qxe5+ Kd7 39. Qe7+ Kc8 40. Qb7+ Kd8 41. Rd1+ { Black resigns } 1-0

[Event "ICC tourney 2163 (75 10)"]
[Site "Internet Chess Club"]
[Date "2020.11.29"]
[Round "7"]
[White "Chessking2008"]
[Black "Enamul"]
[Result "0-1"]
[ICCResult "White resigns"]
[WhiteElo "2191"]
[BlackElo "2476"]
[Opening "English: Caro-Kann defensive system"]
[ECO "D13"]
[NIC "EO.64"]
[Time "11:02:24"]
[PlyCount "86"]
[TimeControl "4500+10"]


1. c4 c6 2. Nc3 d5 3. cxd5 cxd5 4. d4 Nf6 5. Nf3 Nc6 6. Bf4 a6 7. e3 Bg4 8.
Be2 Bxf3 9. Bxf3 e6 10. O-O Bd6 11. Bxd6 Qxd6 12. Qb3 O-O 13. Be2 b5 14.
Rfc1 h6 15. Qd1 Rfc8 16. Nb1 e5 17. dxe5 Qxe5 18. Nc3 d4 19. exd4 Nxd4 20.
Bf3 Rab8 21. Qd3 b4 22. Na4 Qf4 23. Nc5 a5 24. Bd1 Re8 25. g3 Qe5 26. Nb3
Rbd8 27. Nxd4 Rxd4 28. Qf3 Rd2 29. Ba4 Red8 30. b3 Ne4 31. Re1 Qd4 32. Rxe4
Qxa1+ 33. Kg2 Qxa2 34. Rf4 f6 35. Qg4 Qb2 36. Bb5 Qe5 37. Bc4+ Kh8 38. Rf5
Qc7 39. Qg6 Qc6+ 40. Kh3 a4 41. Rh5 Qd7+ 42. Kg2 Qb7+ 43. Kh3 Rxf2 { White
resigns } 0-1

[Event "ICC tourney 2163 (75 10)"]
[Site "Internet Chess Club"]
[Date "2020.11.29"]
[Round "7"]
[White "Terry1234"]
[Black "savchess06"]
[Result "1-0"]
[ICCResult "Black checkmated"]
[WhiteElo "2285"]
[BlackElo "2082"]
[Opening "Catalan: closed, main line"]
[ECO "E09"]
[NIC "CA.04"]
[Time "11:02:37"]
[PlyCount "79"]
[TimeControl "4500+10"]


1. d4 Nf6 2. c4 e6 3. g3 d5 4. Nf3 Be7 5. Bg2 O-O 6. O-O c6 7. Qc2 Nbd7 8.
Nbd2 b6 9. e4 Bb7 10. e5 Ne8 11. cxd5 cxd5 12. Re1 Rc8 13. Qd3 Nc7 14. h4
b5 15. Nf1 b4 16. Ng5 g6 17. Qf3 Nb5 18. Be3 a5 19. Nh2 Qe8 20. Bf1 Ba6 21.
Rac1 a4 22. Ng4 Kg7 23. h5 Rxc1 24. Rxc1 h6 25. Nxe6+ fxe6 26. Bxh6+ Kg8
27. Bxf8 Bxf8 28. Nf6+ Nxf6 29. exf6 gxh5 30. Qf4 Qg6 31. Rc6 a3 32. bxa3
Bb7 33. Rb6 bxa3 34. f7+ Kh7 35. Rxb5 Ba6 36. Rb8 Bxf1 37. Rxf8 Qb1 38.
Rh8+ Kxh8 39. f8=Q+ Kh7 40. Q4h6# { Black checkmated } 1-0

[Event "ICC tourney 2163 (75 10)"]
[Site "Internet Chess Club"]
[Date "2020.11.29"]
[Round "7"]
[White "sriramk"]
[Black "jy2020"]
[Result "0-1"]
[ICCResult "White resigns"]
[WhiteElo "2192"]
[BlackElo "2218"]
[Opening "Sicilian, Chekhover variation"]
[ECO "B53"]
[NIC "SI.02"]
[Time "11:02:25"]
[PlyCount "74"]
[TimeControl "4500+10"]


1. e4 c5 2. Nf3 d6 3. d4 cxd4 4. Qxd4 Nf6 5. Be2 Nc6 6. Qe3 g6 7. h3 Bg7 8.
O-O O-O 9. c4 a5 10. Nc3 Bd7 11. Rd1 a4 12. Rb1 Qa5 13. Bd2 Qa7 14. Qxa7
Rxa7 15. Be3 Raa8 16. c5 Ne8 17. Nd5 Rd8 18. cxd6 Nxd6 19. Bb6 Rde8 20. Nc7
Rc8 21. b4 axb3 22. Rxb3 h6 23. Re3 Nb8 24. e5 Nf5 25. Red3 Ba4 26. R1d2 e6
27. g4 Ne7 28. Re3 Nd7 29. Rxd7 Bxd7 30. Nd4 Nc6 31. Nxc6 Bxc6 32. f4 Rfd8
33. Kf2 Rd2 34. a3 Rb2 35. Ba5 b6 36. Bc3 Rc2 37. Na6 Bb5 { White resigns }
0-1

[Event "ICC tourney 2163 (75 10)"]
[Site "Internet Chess Club"]
[Date "2020.11.29"]
[Round "7"]
[White "NightMovesTN"]
[Black "sathviks"]
[Result "0-1"]
[ICCResult "White resigns"]
[WhiteElo "2394"]
[BlackElo "2243"]
[Opening "King's Indian: Petrosian system, Stein variation"]
[ECO "E92"]
[NIC "KI.17"]
[Time "11:03:15"]
[PlyCount "78"]
[TimeControl "4500+10"]


1. d4 Nf6 2. Nf3 g6 3. c4 Bg7 4. Nc3 d6 5. e4 O-O 6. Be2 e5 7. d5 a5 8. Bg5
h6 9. Bh4 Nbd7 10. Nd2 Nc5 11. g4 c6 12. Rb1 cxd5 13. cxd5 Bd7 14. f3 h5
15. gxh5 Qc7 16. hxg6 fxg6 17. O-O Nh5 18. Kh1 Bf6 19. Qe1 Nf4 20. Rg1 Kg7
21. Bg3 Rh8 22. Nb3 Rh6 23. Nxc5 Qxc5 24. Rc1 Rah8 25. Bf1 Bh4 26. Rc2 Bxg3
27. Rxg3 b5 28. Rf2 b4 29. Nd1 Qc1 30. b3 a4 31. Rg1 a3 32. Rd2 Bh3 33. Bc4
Bd7 34. Bf1 Rh4 35. Bc4 Rh3 36. Rf2 Nh5 37. Qxb4 Ng3+ 38. Rxg3 Qxd1+ 39.
Rg1 Qxf3+ { White resigns } 0-1

[Event "ICC tourney 2163 (75 10)"]
[Site "Internet Chess Club"]
[Date "2020.11.29"]
[Round "7"]
[White "TjkTiger"]
[Black "creepycrawlies"]
[Result "1/2-1/2"]
[ICCResult "Game drawn by mutual agreement"]
[WhiteElo "2605"]
[BlackElo "2159"]
[Opening "English: four knights, Nimzovich variation"]
[ECO "A28"]
[NIC "EO.09"]
[Time "11:03:15"]
[PlyCount "92"]
[TimeControl "4500+10"]


1. c4 Nf6 2. Nc3 e5 3. Nf3 Nc6 4. e4 Bb4 5. d3 d6 6. a3 Bc5 7. b4 Bb6 8.
Na4 Bg4 9. Nxb6 axb6 10. Bb2 Nd7 11. Be2 Nf8 12. b5 Bxf3 13. Bxf3 Nb8 14.
Bg4 Nbd7 15. O-O Ne6 16. g3 Ndc5 17. a4 O-O 18. Kh1 f6 19. f4 Qe7 20. Qc2
Ra7 21. Ra3 Rfa8 22. Rfa1 Qd8 23. f5 Nd4 24. Bxd4 exd4 25. Qb2 Qe7 26. Qxd4
Qe5 27. Qxe5 dxe5 28. Bd1 Ra5 29. Kg1 Rd8 30. Bc2 Kf8 31. Kf2 Nxe4+ 32.
dxe4 Rd2+ 33. Ke3 Rxc2 34. Rd3 Rxc4 35. Rd8+ Ke7 36. Rad1 Rd4 37. R1xd4
exd4+ 38. Rxd4 c6 39. Rb4 c5 40. Rc4 Ra8 41. h4 Rd8 42. a5 bxa5 43. Rxc5 b6
44. Rc6 Rd6 45. Rc8 Rd8 46. Rc6 Rd6 { Game drawn by mutual agreement }
1/2-1/2

[Event "ICC tourney 2163 (75 10)"]
[Site "Internet Chess Club"]
[Date "2020.11.29"]
[Round "7"]
[White "josuevm"]
[Black "PawnEatingZombi"]
[Result "1/2-1/2"]
[ICCResult "Game drawn by mutual agreement"]
[WhiteElo "2272"]
[BlackElo "2219"]
[Opening "Caro-Kann: classical variation"]
[ECO "B18"]
[NIC "CK.10"]
[Time "11:02:22"]
[PlyCount "68"]
[TimeControl "4500+10"]


1. e4 c6 2. d4 d5 3. Nc3 dxe4 4. Nxe4 Bf5 5. Ng5 e6 6. g4 Bg6 7. h4 h6 8.
h5 Bxc2 9. Nxf7 Bb4+ 10. Bd2 Qxd4 11. Qxc2 Qxd2+ 12. Qxd2 Bxd2+ 13. Kxd2
Kxf7 14. Bd3 Ne7 15. Re1 Nd7 16. Rh3 Rhd8 17. Rf3+ Nf6 18. Nh3 Kg8 19. g5
Nxh5 20. Rxe6 Nd5 21. gxh6 Nb4 22. a3 Rxd3+ 23. Rxd3 Nxd3 24. Kxd3 Rf8 25.
Ke3 Nf6 26. hxg7 Nd5+ 27. Ke4 Kxg7 28. f4 Rh8 29. Nf2 Rh2 30. Kf3 Kf7 31.
Rd6 Ke7 32. Rg6 Kf7 33. Rd6 Ke7 34. Rg6 Kf7 { Game drawn by mutual
agreement } 1/2-1/2

[Event "ICC tourney 2163 (75 10)"]
[Site "Internet Chess Club"]
[Date "2020.11.29"]
[Round "7"]
[White "Kalmyk"]
[Black "GGuseinov"]
[Result "1/2-1/2"]
[ICCResult "Game drawn by repetition"]
[WhiteElo "2763"]
[BlackElo "2715"]
[Opening "Sicilian: Hungarian variation"]
[ECO "B27"]
[NIC "SI.43"]
[Time "11:02:21"]
[PlyCount "79"]
[TimeControl "4500+10"]


1. e4 c5 2. Nf3 g6 3. c3 d5 4. Qa4+ Bd7 5. Qb3 c4 6. Qc2 e6 7. exd5 exd5 8.
d3 cxd3 9. Bxd3 Bg7 10. O-O Ne7 11. Bf4 Nbc6 12. Qb3 Bg4 13. Nbd2 Qd7 14.
h3 Be6 15. Rad1 O-O 16. Qa3 Rfe8 17. Rfe1 Rad8 18. Nb3 Qc8 19. Nbd4 Nxd4
20. Nxd4 Nc6 21. Nb5 a6 22. Nc7 Re7 23. Nxe6 Rxe6 24. Qb3 Na5 25. Qa4 Nc4
26. Bxc4 Rxe1+ 27. Rxe1 dxc4 28. Qa5 Re8 29. Rd1 b5 30. Qb6 h5 31. Be3 Qf5
32. Qd6 Re6 33. Qd5 Be5 34. Qd8+ Kg7 35. Qd7 Qc2 36. Qd2 Qe4 37. Qd8 Qc2
38. Qd2 Qe4 39. Qd8 Qc2 40. Qd2 { Game drawn by repetition } 1/2-1/2

[Event "ICC tourney 2163 (75 10)"]
[Site "Internet Chess Club"]
[Date "2020.11.29"]
[Round "7"]
[White "helavir"]
[Black "KRASAVCHIK"]
[Result "1/2-1/2"]
[ICCResult "Game drawn by repetition"]
[WhiteElo "2633"]
[BlackElo "2648"]
[Opening "Ruy Lopez: modern Steinitz defense, 5.O-O"]
[ECO "C72"]
[NIC "RL.10"]
[Time "11:03:12"]
[PlyCount "107"]
[TimeControl "4500+10"]


1. e4 e5 2. Nf3 Nc6 3. Bb5 a6 4. Ba4 d6 5. O-O Bd7 6. c3 g6 7. d4 Bg7 8. d5
Nce7 9. Bxd7+ Qxd7 10. c4 h6 11. Nc3 f5 12. Ne1 Nf6 13. f3 O-O 14. Nd3 c5
15. a4 a5 16. Be3 b6 17. Qb3 g5 18. Rae1 Rab8 19. Qb5 Qc8 20. exf5 Nxf5 21.
Ne4 Nh5 22. Qc6 Qxc6 23. dxc6 Nf4 24. Ndf2 Rbc8 25. Nc3 Rxc6 26. g3 Ne6 27.
Nd5 Rf7 28. Ne4 Ned4 29. Kg2 Nc2 30. Re2 Nb4 31. Rd1 Nd4 32. Bxd4 exd4 33.
b3 Be5 34. Nxb4 axb4 35. Nf2 Re7 36. Rde1 Kf7 37. Ng4 h5 38. Nxe5+ dxe5 39.
Rxe5 Rce6 40. Rxe6 Rxe6 41. Kf2 Rxe1 42. Kxe1 g4 43. f4 Kf6 44. Ke2 Kf5 45.
Kd3 h4 46. Ke2 Ke4 47. Kd2 Kf5 48. Kd3 h3 49. Kd2 Kf6 50. Ke2 Ke6 51. Kd2
Kf6 52. Ke2 Ke6 53. Kd2 Kf6 54. Ke2 { Game drawn by repetition } 1/2-1/2

[Event "ICC tourney 2163 (75 10)"]
[Site "Internet Chess Club"]
[Date "2020.11.29"]
[Round "7"]
[White "pandaexpress"]
[Black "wolverine54"]
[Result "1/2-1/2"]
[ICCResult "Game drawn by mutual agreement"]
[WhiteElo "2420"]
[BlackElo "2286"]
[Opening "English, 1...Nf6 (Anglo-Indian defense)"]
[ECO "A15"]
[NIC "EO.64"]
[Time "11:02:21"]
[PlyCount "133"]
[TimeControl "4500+10"]


1. c4 Nf6 2. g3 g6 3. Nc3 Bg7 4. Bg2 O-O 5. e4 c5 6. Nge2 Nc6 7. O-O d6 8.
d3 Bg4 9. f3 Bd7 10. Be3 a6 11. a3 Rb8 12. Rb1 b5 13. cxb5 axb5 14. b4 cxb4
15. axb4 Ne8 16. Qd2 Nc7 17. d4 Na6 18. Nd5 e6 19. Ndf4 Ne7 20. Ra1 Ra8 21.
Ra3 Qb8 22. Rfa1 Nc7 23. Nc3 Rxa3 24. Rxa3 Nc8 25. Bf2 Nb6 26. Ra2 Nc4 27.
Qd3 Qb7 28. Qb1 Ra8 29. Nd3 Qb6 30. Ne2 Ra4 31. Qb3 Qa7 32. Nc3 Ra6 33.
Rxa6 Nxa6 34. e5 Nb8 35. Qa2 Qxa2 36. Nxa2 dxe5 37. dxe5 Nxe5 38. Nac1 Bc6
39. Nxe5 Bxe5 40. Nd3 Bd6 41. Bc5 Bxc5+ 42. Nxc5 Kf8 43. Kf2 Ke7 44. Ke3
Kd6 45. Bf1 e5 46. f4 f6 47. fxe5+ Kxe5 48. Bh3 Be8 49. Nd3+ Kd6 50. Bg2
Bf7 51. Kd4 Bc4 52. Nc5 f5 53. Nb7+ Ke7 54. Nc5 Bf7 55. Nd3 Be8 56. Nc5 Bc6
57. Bf1 Kd6 58. Be2 Nd7 59. Nxd7 Bxd7 60. h4 h6 61. Bf1 Bc6 62. Be2 g5 63.
hxg5 hxg5 64. Bf1 f4 65. gxf4 g4 66. Ke3 g3 67. Bxb5 { Game drawn by mutual
agreement } 1/2-1/2

[Event "ICC tourney 2163 (75 10)"]
[Site "Internet Chess Club"]
[Date "2020.11.29"]
[Round "7"]
[White "dpomerantz135"]
[Black "BlueJay01"]
[Result "1/2-1/2"]
[ICCResult "Game drawn by repetition"]
[WhiteElo "2238"]
[BlackElo "2094"]
[Opening "Ruy Lopez: 5.O-O"]
[ECO "C78"]
[NIC "RL.12"]
[Time "11:02:49"]
[PlyCount "119"]
[TimeControl "4500+10"]


1. e4 e5 2. Nf3 Nc6 3. Bb5 a6 4. Ba4 Nf6 5. O-O b5 6. Bb3 Bc5 7. c3 d6 8.
a4 Rb8 9. d4 Bb6 10. a5 Ba7 11. h3 O-O 12. Bg5 h6 13. Be3 Ra8 14. Re1 Bb7
15. Nbd2 Re8 16. d5 Ne7 17. Bxa7 Rxa7 18. c4 c6 19. c5 dxc5 20. Nxe5 cxd5
21. exd5 Nexd5 22. Ndf3 Ba8 23. Qd2 Rae7 24. Rad1 Qc7 25. Ng4 c4 26. Bc2
Nxg4 27. hxg4 Rxe1+ 28. Rxe1 Rxe1+ 29. Qxe1 Qe7 30. Qd2 Nb4 31. Bf5 Nd3 32.
Bxd3 cxd3 33. Qxd3 Bxf3 34. gxf3 Qe1+ 35. Kg2 Qxa5 36. Qd6 Qa2 37. Qd8+ Kh7
38. Qd3+ g6 39. b3 Qb2 40. Qd5 Qf6 41. b4 Qe7 42. Qa2 Kg8 43. Qd2 Kg7 44.
Qd4+ Qf6 45. Qc5 Qf4 46. Qc3+ Kh7 47. Qc5 Qb8 48. Qd5 Qf8 49. Qd4 Qe7 50.
Qf4 Kg7 51. Qd4+ Qf6 52. Qc5 Qb2 53. Qd6 Qc3 54. Qe7 a5 55. bxa5 Qxa5 56.
Qe5+ Kh7 57. Qe8 Kg7 58. Qe5+ Kg8 59. Qe8+ Kg7 60. Qe5+ { Game drawn by
repetition } 1/2-1/2